 Dungeon Crawl Stone Soup version 0.30-a0-964-gd452b5e7fa (webtiles) character file.

Game seed: 17880209213378702007

1864 tilp the Sneak (level 8, -3/61 HPs)
             Began as a Vampire Enchanter on Mar 31, 2023.
             Was a Follower of Dithmenos.
             Slain by a wight
             ... wielding a +4 battleaxe
              (15 damage)
             ... on level 6 of the Dungeon.
             The game lasted 00:11:11 (6409 turns).

tilp the Sneak (Vampire Enchanter)                  Turns: 6409, Time: 00:11:11

Health: -3/61      AC:  7    Str:  7    XL:     8   Next: 90%
Magic:  11/13      EV: 13    Int: 20    God:    Dithmenos [*.....]
Gold:   196        SH:  5    Dex: 14    Spells: 3/14 levels left

rFire   . . .      SeeInvis +    a - +1 dagger
rCold   + . .      Faith    .    (no shield)
rNeg    . . .      Spirit   .    w - +2 robe {rC+}
rPois   .          Reflect  +    u - +0 helmet
rElec   .          Rampage  .    (no cloak)
rCorr   .                        f - +1 pair of gloves
Will    .....                    (no boots)
Stlth   ++++                     r - amulet of reflection
HPRegen 0.50/turn                (no ring)
MPRegen 0.13/turn                (no ring)

@: confusing by touch, about to teleport, healing quickly, slowed, wreathed by
umbra, very slow
A: alive, fangs 3, see invisible, vampiric 2
a: Exsanguinate, Renounce Religion


You were on level 6 of the Dungeon.
You worshipped Dithmenos.
Dithmenos was aware of your devotion.
You visited 2 branches of the dungeon, and saw 8 of its levels.
You also visited: Sewer.

You collected 358 gold pieces.
You spent 162 gold pieces at shops.

Inventory:

Hand Weapons
 a - a +1 dagger (weapon)
 v - a +0 rapier
Missiles
 b - 4 datura-tipped darts
 e - 45 stones (quivered)
 h - 2 atropa-tipped darts
 q - 4 silver javelins
Armour
 f - a +1 pair of gloves (worn)
 u - a +0 helmet (worn)
 w - a +2 robe of cold resistance (worn)
 y - a +1 leather armour of cold resistance
Magical Staves
 x - a staff of conjuration
Jewellery
 r - an amulet of reflection (around neck)
Wands
 n - a wand of paralysis (2)
 s - a wand of polymorph (13)
Scrolls
 o - 3 scrolls of immolation
 p - 2 scrolls of teleportation
Potions
 c - 2 potions of invisibility
 d - 2 potions of lignification {unknown}
 g - 7 potions of heal wounds
 i - a potion of brilliance {unknown}
 j - 5 potions of curing {unknown}
 k - a potion of might {unknown}
 l - 2 potions of cancellation {unknown}
 m - a potion of berserk rage
 t - 2 potions of degeneration {unknown}


   Skills:
 + Level 4.4 Fighting
 * Level 7.0 Short Blades
 * Level 4.2 Dodging
 + Level 7.0 Stealth
 + Level 3.6 Spellcasting
 + Level 6.8 Hexes
 + Level 1.8 Invocations
 + Level 2.8 Evocations


You had 3 spell levels left.
You knew the following spells:

 Your Spells              Type           Power      Damage    Failure   Level
a - Ensorcelled Hibernat  Hex/Ice        34%        N/A       4%          2
b - Confusing Touch       Hex            30%        N/A       2%          3
c - Tukima's Dance        Hex            30%        N/A       2%          3
d - Dazzling Flash        Conj/Hex       34%        N/A       10%         3

Your spell library contained the following spells:

 Spells                   Type           Power      Damage    Failure   Level
 Apportation              Tloc           6%         N/A       14%         1
 Necrotise                Necr           12%        1d4       14%         1
 Summon Small Mammal      Summ           12%        N/A       14%         1
 Cigotuvi's Dreadful Rot  Necr/Pois/Air  6%         N/A       21%         2
 Poisonous Vapours        Pois/Air       6%         N/A       21%         2
 Mephitic Cloud           Conj/Pois/Air  3%         N/A       38%         3


Dungeon Overview and Level Annotations

Branches:
Dungeon (7/15)             Temple (1/1) D:5           Sewer (visited)

Altars:
Ashenzari
Cheibriados
Dithmenos
Fedhas
Gozag
Hepliaklqana
Kikubaaqudgha
Makhleb
Nemelex Xobeh
Okawaru
Qazlal
Ru
Sif Muna
Trog
Uskayaw
Vehumet
Xom
Yredelemnul

Shops:
D:2 *   D:4 [


Innate Abilities, Weirdness & Mutations

Your natural rate of healing is accelerated.
You have razor-sharp teeth.
You have supernaturally acute eyesight. (SInv)
You are afflicted with vampirism and can become a bat while bloodless.


Message History

You skewer the wight like a kebab!!!
You destroy the wight!
Dithmenos accepts your kill.
Your Short Blades skill increases to level 7!
Unknown command.
Casting: Ensorcelled Hibernation (safe; 4% risk of failure)
Confirm with . or Enter, or press ? or * to list all spells.
Your hands begin to glow red.
The hornet buzzes angrily.
Unknown command.
The wight hits you with a +4 battleaxe! The hornet stings you!
You suddenly lose the ability to move!
You stop ascending the stairs.
The wight hits you with a +4 battleaxe!
The wight hits you with a +4 morningstar.
* * * LOW HITPOINT WARNING * * *
The hornet stings you but does no damage.
You can move again.
Unknown command.
Unknown command.
Unknown command.
The hornet stings you but does no damage.
The wight barely misses you. x3; The hornet barely misses you.
You climb upwards.
There is a stone staircase leading down here.
Unknown command.
Unknown command.
Unknown command.
Unknown command.
As you read the scroll of teleportation, it crumbles to dust.
You feel strangely unstable.
The wight hits you with a +0 long sword!
* * * LOW HITPOINT WARNING * * *
The wight barely misses you. The wight hits you but does no damage.
The hornet stings you.
* * * LOW HITPOINT WARNING * * *
You feel yourself slow down.
Unknown command.
Unknown command.
The wight hits you with a +4 battleaxe!
You die...

#.# #.# #######.###...###.##.
#.# #.# #.....#.#...### #.##.
##.# #.### #.....#...### #.#..
#..# #...###.....#.### ###...#
#.## ###.........#.# ###...#.#
#.# #####.......# #...#.#.#
#.##########..z....# ##.###.#.#
#............).yz.## ##..# #.#..
############..z@..####..####.##.
#.................#..
##.......#.#####.....
#.......#.# ##.#.. #.......#.#
##.... #.........# ##....#
############.......######..####
#..............................
##.................####...#####


You could see a hornet and 3 wights.

Vanquished Creatures
  Sigmund (D:6)
  A water moccasin (Sewer)
  A black bear (D:6)
  Duvessa (D:4)
  2 ice beasts
  2 ogres
  3 phantoms (D:5)
  A scorpion (D:6)
  A wight (D:7)
  Dowan (D:4)
  A hound (D:5)
  2 jellies
  A gnoll bouda (D:6)
  An orc priest (D:5)
  A sleepcap (D:6)
  3 iguanas
  3 orc wizards
  10 adders
  8 gnolls
  2 river rats (D:3)
  2 white imps
  An ufetubus (D:4)
  3 worms
  10 dart slugs
  15 orcs
  8 bats
  6 endoplasms
  6 giant cockroaches
  7 hobgoblins
  8 jackals
  9 kobolds
  3 quokkas
  11 ball pythons
  3 frilled lizards
  7 goblins
  7 rats
152 creatures vanquished.

Notes
Turn   | Place    | Note
-------+----------+-------------------------------------------
     0 | D:1      | tilp the Vampire Enchanter began the quest for the Orb.
     0 | D:1      | Reached XP level 1. HP: 13/13 MP: 3/3
   200 | D:1      | Reached XP level 2. HP: 20/20 MP: 5/5
   226 | D:1      | Learned a level 2 spell: Ensorcelled Hibernation
   428 | D:1      | Reached skill level 1 in Fighting
   502 | D:1      | Gained mutation: You are afflicted with vampirism and can
                  | become a bat while bloodless. [Vampire growth]
   502 | D:1      | Reached XP level 3. HP: 26/26 MP: 3/6
  1035 | D:2      | Found Eczi Huh's Assorted Antiques.
  1055 | D:2      | Bought a fizzy golden potion for 25 gold pieces
  1055 | D:2      | Bought an emerald potion for 25 gold pieces
  1335 | D:2      | Found a faded altar of an unknown god.
  1360 | D:2      | Reached XP level 4. HP: 32/32 MP: 1/7
  1443 | D:2      | Reached skill level 5 in Stealth
  1831 | D:3      | Learned a level 3 spell: Confusing Touch
  1850 | D:3      | Reached skill level 5 in Hexes
  2028 | D:3      | Found a glowing drain.
  2043 | D:3      | Reached XP level 5. HP: 36/38 MP: 1/8
  2111 | Sewer    | Entered a sewer
  2205 | Sewer    | Noticed a water moccasin
  2211 | Sewer    | Killed a water moccasin
  2212 | Sewer    | Reached XP level 6. HP: 46/46 MP: 0/10
  2920 | D:3      | Found a snail-covered altar of Cheibriados.
  3096 | D:2      | Bought an ivory wand for 112 gold pieces
  3272 | D:4      | Noticed Duvessa
  3273 | D:4      | Noticed Dowan
  3362 | D:4      | Killed Dowan
  3367 | D:4      | Killed Duvessa
  3569 | D:4      | Reached skill level 1 in Evocations
  3574 | D:4      | Learned a level 3 spell: Tukima's Dance
  3578 | D:4      | Learned a level 3 spell: Dazzling Flash
  3741 | D:4      | Reached XP level 7. HP: 49/52 MP: 9/11
  3970 | D:4      | Found Mafaoh's Armour Shop.
  4251 | D:5      | Entered Level 5 of the Dungeon
  4255 | D:5      | Found a staircase to the Ecumenical Temple.
  4271 | Temple   | Entered the Ecumenical Temple
  4465 | Temple   | Became a worshipper of Dithmenos the Shadowed
  4520 | D:5      | Reached skill level 5 in Short Blades
  4972 | D:5      | Reached XP level 8. HP: 56/60 MP: 7/12
  5355 | D:6      | Reached skill level 1 in Invocations
  5844 | D:6      | Found a shimmering altar of Xom.
  5862 | D:6      | Noticed Sigmund
  5870 | D:6      | Killed Sigmund
  5952 | D:6      | Reached * piety under Dithmenos
  6401 | D:7      | Noticed a hornet
  6404 | D:7      | Paralysed by a hornet for 2 turns
  6409 | D:6      | Slain by a wight

Illustrated notes

Levels and vault maps discovered:
D:1:      dpeg_arrival_water_fire, layout_loops_ring, reono_crystal_passage
D:2:      minmay_alternating_diamond, layout_rooms, serial_shops,
          nicolae_shop_overgrown_old_shop, hellmonk_ecumenical_altar_dog_temple
D:3:      layout_basic, lemuel_tele_altar, portal_sewer_entry_b
D:4:      layout_basic, kennysheep_small_square, uniq_duvessa
D:5:      layout_loops_ring, minmay_temple_entry_arrows
D:6:      layout_rooms, mainiacjoe_overflow_alcove_2, uniq_sigmund
D:7:      layout_rooms, uniq_joseph
Temple:   nicolae_temple_bog_church

Skill      XL: |  1  2  3  4  5  6  7  8 |
---------------+-------------------------+-----
Fighting       | 1 2 3 4 |  4.4
Short Blades   | 2 3 4 6 7 |  7.0
Stealth        | 5 6 7 |  7.0
Hexes          | 5 6 |  6.8
Spellcasting   | 3 |  3.6
Evocations     | 1 2 |  2.8
Dodging        | 4 |  4.2
Invocations    | 1 |  1.8

Action                     |  1- 3 |  4- 6 |  7- 9 || total
---------------------------+-------+-------+-------++-------
  Melee: Dagger            |   101 |   172 |   191 ||   464
         Bite              |     7 |    19 |    26 ||    52
         Punch             |     2 |     1 |     2 ||     5
   Cast: Ensorcelled Hiber |    20 |    47 |    40 ||   107
         Confusing Touch   |       |     1 |    12 ||    13
         Dazzling Flash    |       |       |     2 ||     2
  Evoke: Wand              |       |     2 |     1 ||     3
    Use: Scroll            |     2 |     2 |     5 ||     9
   Stab: Sleeping          |    27 |    41 |    28 ||    96
         Paralysed         |       |     1 |     1 ||     2
         Confused          |       |       |    10 ||    10
         Invisible         |       |       |     2 ||     2
 Armour: Robe              |    15 |    42 |    26 ||    83
  Dodge: Dodged            |    44 |    84 |    64 ||   192
  Block: Other             |       |     9 |    37 ||    46

Table legend: (Time is in decaauts)
 A = Elapsed time spent in this place.
 B = Non-inter-level travel time spent in this place.
 C = Inter-level travel time spent in this place.
 D = Time resting spent in this place.
 E = Time spent auto-exploring this place.
 F = Levels seen in this place.
 G = Mean time per level.
                   A        B        C        D        E       F      G
               +--------+--------+--------+--------+--------+-----+--------+
         Total |   6329 |   6160 |    169 |    338 |   4435 |   9 |  703.2 |
       Dungeon |   5894 |   5757 |    137 |    258 |   4190 |   7 |  842.0 |
        Temple |    213 |    181 |     32 |     32 |    134 |   1 |  213.0 |
         Sewer |    221 |    221 |      0 |     48 |    111 |   1 |  221.0 |
               +--------+--------+--------+--------+--------+-----+--------+

Top non-repeatable levels by time:
     D:4: 1117 daAuts
     D:3: 1073 daAuts
     D:5: 990 daAuts
     D:1: 980 daAuts
     D:6: 910 daAuts
     D:2: 816 daAuts
   Sewer: 221 daAuts
  Temple: 213 daAuts
     D:7: 5 daAuts
